 Dungeon Crawl Stone Soup version 0.29-a0-802-g34511f41fd (webtiles) character file.

Game seed: 5792518684984919361

4405 bande the Cleaver (level 10, -9/61 HPs)
             Began as a Gargoyle Fighter on July 4, 2022.
             Was an Elder of Okawaru.
             Hit by a large rock thrown by a cyclops (34 damage)
             ... on level 12 of the Dungeon.
             The game lasted 00:16:31 (11400 turns).

bande the Cleaver (Gargoyle Fighter)               Turns: 11400, Time: 00:16:32

Health: -9/61      AC: 27    Str: 21    XL:     10   Next: 35%
Magic:  13/13      EV:  6    Int:  8    God:    Okawaru [****..]
Gold:   499        SH:  5    Dex: 13    Spells: 9/9 levels left

rFire   + . .      SeeInvis .   a - +1 war axe (freeze)
rCold   + . .      Faith    .   c - +0 buckler
rNeg    + . .      Spirit   .   k - +0 plate armour
rPois   ∞          Reflect  .   (no helmet)
rElec   +          Harm     .   x - scarf {rC+ rF+}
rCorr   .          Rampage  .   (no gloves)
Will    .....                   i - +2 pair of boots
Stlth   ..........              (no amulet)
HPRegen 0.20/turn               h - +4 ring of protection
MPRegen 0.13/turn               v - ring of flight

@: flying
A: sickness immunity, AC +7, negative energy resistance 1, electricity
resistance, torment resistance 1, petrification resistance
a: Renounce Religion, Heroism, Finesse


You were on level 12 of the Dungeon.
You worshipped Okawaru.
Okawaru was greatly pleased with you.
You visited 1 branch of the dungeon, and saw 10 of its levels.
You also visited: Sewer.

You collected 499 gold pieces.

Inventory:

Hand Weapons
 a - a +1 war axe of freezing (weapon)
 A - a +0 war axe
Missiles
 u - 5 throwing nets (quivered)
Armour
 c - a +0 buckler (worn)
 i - a +2 pair of boots (worn)
 k - a +0 plate armour (worn)
 r - a +0 cloak
 x - a scarf of resistance (worn)
Jewellery
 h - a +4 ring of protection (left hand)
 o - a ring of protection from cold
 v - a ring of flight (right hand)
 B - a ring of protection from fire
 D - a ring of protection from fire
Wands
 s - a wand of iceblast (10)
 w - a wand of flame (13)
 G - a wand of mindburst (13)
 H - a wand of quicksilver (9)
Scrolls
 y - 4 scrolls of teleportation
 C - 2 scrolls of enchant armour
 E - 2 scrolls of brand weapon
Potions
 b - 2 potions of invisibility
 d - 3 potions of might
 e - 3 potions of curing
 f - 3 potions of attraction {unknown}
 g - 3 potions of flight
 j - a potion of lignification {unknown}
 l - 6 potions of heal wounds
 m - 3 potions of magic
 n - 2 potions of haste
 p - a potion of ambrosia {unknown}
 q - a potion of brilliance {unknown}
 t - a potion of cancellation {unknown}
 z - 4 potions of mutation {unknown}
 F - a potion of berserk rage {unknown}


   Skills:
 + Level 6.7 Fighting
 + Level 9.0 Axes
 + Level 7.3 Armour
 + Level 5.6 Shields
 * Level 5.0 Invocations
 * Level 4.2 Evocations


You had 9 spell levels left.
You didn't know any spells.
Your spell library contained the following spells:

 Spells                   Type           Power      Damage    Failure   Level
 Magic Dart               Conj           0%         1d3       100%        1
 Scorch                   Fire           0%         2d5       100%        2
 Searing Ray              Conj           0%         2d4       100%        2
 Portal Projectile        Hex/Tloc       0%         N/A       100%        3
 Flame Wave               Conj/Fire      0%         2d4       100%        4
 Fulminant Prism          Conj/Hex       0%         3d6       100%        4
 Iskenderun's Mystic Bla  Conj/Tloc      0%         2d3       100%        4
 Leda's Liquefaction      Hex/Erth       0%         N/A       100%        4
 Lee's Rapid Deconstruct  Erth           0%         3d5*      100%        5
 Call Canine Familiar     Summ           Unusable   N/A       N/A         3
 Summon Cactus Giant      Summ           Unusable   N/A       N/A         6

Dungeon Overview and Level Annotations

Branches:
Dungeon (9/15)             Temple (0/1) D:5           Sewer (visited)
   Lair: D:8-11         Orc: D:9-12

Altars:
Ashenzari
Dithmenos
Elyvilon
Hepliaklqana
Kikubaaqudgha
Makhleb
Nemelex Xobeh
Okawaru
Qazlal
Xom
Yredelemnul
Zin

Shops:
D:3 *   D:5 ?


Innate Abilities, Weirdness & Mutations

You are immune to sickness and miasma.
Your stone body is resilient. (AC +7)
You are immune to poison.
You resist negative energy. (rN+)
You are resistant to electric shocks. (rElec)
You are resistant to unholy torment.
You are immune to petrification.


Message History

The kobold demonologist hits you but does no damage.
The orange demon stings you from afar.
* * * LOW HITPOINT WARNING * * *
The sun demon hits you but does no damage.
You feel much better.
The kobold demonologist gestures wildly while chanting.
The sun demon hits you but does no damage.
The orange demon stings you but does no damage.
Unknown command.
You hit the kobold demonologist. You freeze the kobold demonologist.
You kill the kobold demonologist!
Okawaru is honoured by your kill.
You can now speed up your combat.
The sun demon disappears in a puff of smoke!
The orange demon disappears in a puff of smoke!
The neqoxec disappears in a puff of smoke!
Your Axes skill increases to level 9!
Your Invocations skill increases to level 5!
Things that are here:
a +0 dagger; a +0 robe You start resting.
HP restored.
You start waiting.
Done waiting.
You start waiting.
Done waiting.
Things that are here:
a +0 dagger; a +0 robe
I - a scroll of identify
As you read the scroll of identify, it crumbles to dust.
m - 3 potions of magic
Found 11 gold pieces.
You now have 499 gold pieces (gained 11).
Found a stone staircase leading up.
A cyclops comes into view.
The cyclops shouts!
The cyclops throws a large rock.
The large rock hits you!!!
Ouch! That really hurt!
The cyclops throws a large rock.
The large rock hits you!!
Ouch! That really hurt!
You die...

.......
.......
.......
.......
...<...
.......#######
.C...........#
.......@.....#
.#####.......#
#.......#
#.......#
#.......#
#.......#
#.......#
#.......#
.#####.......#


You could see a cyclops.

Vanquished Creatures
  A kobold demonologist (D:12)
  A komodo dragon (D:7)
  Sigmund (D:2)
  7 yaks
  Menkaure (D:4)
  Pargi (Sewer)
  3 black bears
  2 ice beasts (D:7)
  3 ogres
  3 centaurs
  2 kobold brigands
  3 bullfrogs
  A gnoll sergeant (D:8)
  A necrophage (D:6)
  A scorpion (D:7)
  4 wights (D:8)
  3 howler monkeys (D:8)
  3 hounds
  3 jellies
  A gnoll bouda (D:7)
  Crazy Yiuf (D:3)
  Ijyb (D:4)
  2 iguanas
  2 orc wizards (D:7)
  12 gnolls
  13 adders
  A river rat (D:5)
  2 white imps (D:5)
  A worm (D:2)
  2 dart slugs
  25 orcs
  7 ball pythons
  6 bats
  2 bat zombies (D:8)
  5 endoplasms
  6 giant cockroaches
  9 goblins
  9 hobgoblins
  9 jackals
  16 kobolds
  6 quokkas
  5 frilled lizards
  7 rats
194 creatures vanquished.

Vanquished Creatures (others)
  5 plants (D:3)
5 creatures vanquished.

Grand Total: 199 creatures vanquished

Notes
Turn   | Place    | Note
-------+----------+-------------------------------------------
     0 | D:1      | bande the Gargoyle Fighter began the quest for the Orb.
     0 | D:1      | Reached XP level 1. HP: 14/14 MP: 1/1
   513 | D:1      | Reached skill level 2 in Axes
   513 | D:1      | Reached XP level 2. HP: 19/19 MP: 2/2
  1058 | D:1      | Reached XP level 3. HP: 23/23 MP: 3/3
  1375 | D:2      | Reached XP level 4. HP: 29/29 MP: 4/4
  1383 | D:2      | Reached skill level 3 in Axes
  1497 | D:2      | Noticed Sigmund
  2048 | D:2      | Killed Sigmund
  2049 | D:2      | Reached skill level 4 in Axes
  2049 | D:2      | Reached XP level 5. HP: 28/33 MP: 5/5
  2049 | D:2      | Reached XP level 6. HP: 32/38 MP: 6/6
  2217 | D:2      | Found a faded altar of an unknown god.
  2753 | D:3      | Found a faded altar of an unknown god.
  2757 | D:3      | Found a shadowy altar of Dithmenos.
  2842 | D:3      | Found a runed translucent door.
  2843 | D:3      | Noticed Crazy Yiuf
  3028 | D:3      | Found a burning altar of Makhleb.
  3075 | D:3      | Found Diarut's General Store.
  3331 | D:3      | Killed Crazy Yiuf
  3419 | D:4      | Found a broken altar of Ashenzari.
  3419 | D:4      | Found a basalt altar of Yredelemnul.
  3446 | D:4      | Found a stormy altar of Qazlal.
  3449 | D:4      | Found a sparkling altar of Nemelex Xobeh.
  3466 | D:4      | Found a hazy altar of Hepliaklqana.
  3565 | D:4      | Found a glowing silver altar of Zin.
  3715 | D:4      | Reached skill level 5 in Axes
  3715 | D:4      | Reached XP level 7. HP: 14/44 MP: 7/7
  4208 | D:4      | Noticed Menkaure
  4208 | D:4      | Noticed Ijyb
  4216 | D:4      | Killed Ijyb
  4221 | D:4      | Killed Menkaure
  4222 | D:4      | Reached skill level 5 in Armour
  4923 | D:4      | Reached skill level 6 in Axes
  4923 | D:4      | Reached XP level 8. HP: 38/48 MP: 8/8
  5461 | D:5      | Entered Level 5 of the Dungeon
  5461 | D:5      | Found an iron altar of Okawaru.
  5466 | D:5      | Became a worshipper of Warmaster Okawaru
  5640 | D:5      | Found Kokh's Magic Scroll Boutique.
  5651 | D:5      | Found a glowing drain.
  5656 | D:5      | Reached skill level 1 in Invocations
  5660 | D:5      | Reached skill level 5 in Fighting
  5670 | Sewer    | Entered a sewer
  5704 | Sewer    | Noticed Pargi
  5714 | Sewer    | Killed Pargi
  5715 | Sewer    | Reached skill level 1 in Evocations
  5820 | Sewer    | Identified the +4 long sword "Wuacvy" {vamp, rF+}
  6279 | D:5      | Found a staircase to the Ecumenical Temple.
  6505 | D:6      | Reached * piety under Okawaru
  6964 | D:6      | Reached skill level 7 in Axes
  6964 | D:6      | Reached XP level 9. HP: 45/54 MP: 9/11
  8112 | D:7      | Reached ** piety under Okawaru
  8113 | D:7      | Reached skill level 5 in Shields
  8240 | D:7      | Noticed a komodo dragon
  8250 | D:7      | Killed a komodo dragon
  9702 | D:8      | Found an ancient bone altar of Kikubaaqudgha.
  9769 | D:8      | Found a white marble altar of Elyvilon.
  9915 | D:8      | Found a shimmering altar of Xom.
  9915 | D:8      | Noticed a two-headed ogre
 10006 | D:8      | Reached skill level 8 in Axes
 10061 | D:8      | Reached *** piety under Okawaru
 10392 | D:9      | Reached XP level 10. HP: 61/61 MP: 13/13
 11018 | D:9      | You are sucked into a shaft and drop 3 floors!
 11019 | D:12     | Noticed a kobold demonologist
 11020 | D:12     | Noticed a sun demon
 11024 | D:12     | Noticed an orange demon
 11033 | D:12     | Killed a kobold demonologist
 11033 | D:12     | Reached **** piety under Okawaru
 11034 | D:12     | Reached skill level 9 in Axes
 11034 | D:12     | Reached skill level 5 in Invocations
 11399 | D:12     | Noticed a cyclops
 11400 | D:12     | Hit by a large rock thrown by a cyclops

Illustrated notes

Levels and vault maps discovered:
D:1:      psy_arrival_terrarium, layout_basic
D:2:      minmay_angry_zag, layout_loops_ring, dreamdust_ecumenical_altar_grove,
          minmay_octomino_e4, uniq_sigmund
D:3:      layout_loops_ring, lightli_temple_of_fire,
          nicolae_overflow_ecumenical_swirl, serial_shops,
          nicolae_shop_hallway_plus, serial_bayou_ford_a,
          uniq_crazy_yiuf_cottage
D:4:      black_bear_nest_2, layout_basic, nicolae_overflow_hallway_of_the_gods,
          chequers_serial_rivers_small_3, minmay_puff, uniq_menkaure, uniq_ijyb
D:5:      layout_basic, okawaru_metal_pillars_1_2, temple_doors_e, serial_shops,
          nicolae_shop_temple_entry_statues_fountains, portal_sewer_entry_b
D:6:      layout_layer_cave
D:7:      layout_basic
D:8:      layout_loops_ring, mainiacjoe_overflow_brackets,
          lemuel_zombie_altar_kikubaaqudgha, tgw_xom, supply_closet_lemuel,
          kennysheep_pointless_box, minmay_misc_feat_encased, item_on_display_a
D:9:      layout_gridville, nicolae_wu_jian_immortal_techniques, uniq_grum,
          uniq_amaemon
D:12:     layout_small_grid

Skill      XL: |  1  2  3  4  5  6  7  8  9 10 |
---------------+-------------------------------+-----
Axes           | 2 4 5 6 7 8 9 |  9.0
Fighting       | 4 5 6 |  6.7
Armour         | 4 5 6 7 |  7.3
Shields        | 4 5 |  5.6
Invocations    | 2 4 5 |  5.0
Evocations     | 2 3 4 |  4.2

Action                   |  1- 3 |  4- 6 |  7- 9 | 10-12 || total
-------------------------+-------+-------+-------+-------++-------
Melee: War axe           |   106 |   188 |   330 |    44 ||   668
  Use: Scroll            |     2 |     2 |    13 |     1 ||    18
       Potion            |       |     1 |       |     1 ||     2
Armor: Scale mail        |    41 |       |       |       ||    41
       Plate armour      |    44 |   174 |   309 |    40 ||   567
Dodge: Dodged            |    49 |    55 |    72 |    19 ||   195
Block: Buckler           |    27 |    54 |    87 |    14 ||   182

Table legend: (Time is in decaauts)
 A = Elapsed time spent in this place.
 B = Non-inter-level travel time spent in this place.
 C = Inter-level travel time spent in this place.
 D = Time resting spent in this place.
 E = Time spent auto-exploring this place.
 F = Levels seen in this place.
 G = Mean time per level.
                   A        B        C        D        E       F      G
               +--------+--------+--------+--------+--------+-----+--------+
         Total |  11592 |  11426 |    166 |   2653 |   6788 |  11 | 1053.8 |
       Dungeon |  11423 |  11257 |    166 |   2653 |   6665 |  10 | 1142.3 |
         Sewer |    169 |    169 |      0 |      0 |    123 |   1 |  169.0 |
               +--------+--------+--------+--------+--------+-----+--------+

Top non-repeatable levels by time:
     D:4: 2073 daAuts
     D:7: 1604 daAuts
     D:3: 1443 daAuts
     D:8: 1420 daAuts
     D:6: 1403 daAuts
     D:1: 1208 daAuts
     D:2: 871 daAuts
     D:5: 820 daAuts
    D:12: 382 daAuts
     D:9: 194 daAuts
   Sewer: 169 daAuts
